[Event "Titled Tuesday Blitz August 16 Late 2022"]
[White "Akbas, Umut Ata"]
[Black "Kambrath, Yannick"]
[WhiteFideId "44572646"]
[BlackFideId "20632525"]
[WhiteElo "1654"]
[BlackElo "2236"]
[Result "1-0"]
[Round "05"]
[TimeControl "180+1"]
[Date "2022.08.16"]
[WhiteClock "0:01:30"]
[BlackClock "0:00:30"]

1. Nf3 d5 2. b3 Nf6 3. Bb2 b5 4. e3 a6 5. a4 b4 6. d4 Bb7 7. Bd3 Nbd7 8. O-O e6 9. Nbd2 Bd6 10. c4 bxc3 11. Bxc3 O-O 12. b4 Qe8 13. Nb3 Qe7 14. Nc5 Bxc5 15. bxc5 Bc6 16. Ba5 Rfc8 17. Bc3 Rcb8 18. h3 Ne4 19. Qc2 f5 20. Ba5 Qd8 21. Rfb1 Qc8 22. Nd2 e5 23. f3 Nxd2 24. Qxd2 e4 25. Be2 Nf6 26. f4 Rxb1+ 27. Rxb1 Bxa4 28. Qb4 Bc6 29. Kf2 Nd7 30. Qa3 Bb5 31. Bxb5 axb5 32. c6 Nb6 33. Rxb5 Qa6 34. Qc5 Nc4 35. Qxd5+ Kh8 36. Qxc4 Qc8 37. Qf7 Qd8 38. Rxf5 h6 39. Kg3 1-0


[Site "https://www.chess.com"]

[Event "Titled Tuesday Blitz August 16 Late 2022"]
[White "Al Hosani, Omran"]
[Black "Krzywda, Andrzej"]
[WhiteFideId "9308733"]
[BlackFideId "1114565"]
[WhiteElo "2236"]
[BlackElo "2098"]
[Result "1-0"]
[Round "05"]
[TimeControl "180+1"]
[Date "2022.08.18"]
[WhiteClock "0:00:00"]
[BlackClock "0:00:00"]

1. d4 Nf6 2. c4 c5 3. d5 b5 4. cxb5 a6 5. b6 e6 6. Nc3 Nxd5 7. Nxd5 exd5 8. Qxd5 Nc6 9. Bg5 Be7 10. Bxe7 Qxe7 11. e3 Rb8 12. Rc1 Rxb6 13. b3 d6 14. Nf3 Bb7 15. Qd2 O-O 16. Be2 Rd8 17. O-O d5 18. Qc2 c4 19. bxc4 dxc4 20. Qxc4 Ne5 21. Nxe5 Qxe5 22. Rfd1 Re8 23. Bf1 Rg6 24. Qb4 Rh6 25. h3 Ba8 26. Qd4 Qg5 27. Qd7 Rf8 28. Rc8 1-0


[Site "https://www.chess.com"]

[Event "Titled Tuesday Blitz August 16 Late 2022"]
[White "Alexikov, Alexander"]
[Black "Postnikov, Daniil"]
[WhiteFideId "14103958"]
[BlackFideId "4166329"]
[WhiteElo "2253"]
[BlackElo "2261"]
[Result "0-1"]
[Round "05"]
[TimeControl "180+1"]
[Date "2022.08.18"]
[WhiteClock "0:00:00"]
[BlackClock "0:00:00"]

1. e4 e6 2. Nf3 d5 3. Nc3 Nf6 4. e5 Nfd7 5. d4 c5 6. dxc5 Nc6 7. Bf4 Nxc5 8. Bd3 Be7 9. O-O g5 10. Be3 g4 11. Nd4 Nxe5 12. Bb5+ Bd7 13. Re1 Ng6 14. Qxg4 a6 15. Bxd7+ Qxd7 16. Rad1 O-O-O 17. Nf3 f5 18. Qd4 Rhg8 19. Bg5 Ne4 20. Bxe7 Qxe7 21. g3 Nf4 22. Kf1 Nh3 23. Re2 h5 24. Rd3 h4 25. Ke1 hxg3 26. hxg3 Kb8 27. Kd1 Rh8 28. Kc1 Nhg5 29. Ne5 Rh1+ 30. Rd1 Rdh8 31. Nxe4 Nxe4 32. Re3 Nxf2 33. Rxh1 Rxh1+ 34. Kd2 Rd1+ 0-1


[Site "https://www.chess.com"]

[Event "Titled Tuesday Blitz August 16 Late 2022"]
[White "Ambartsumova, Karina"]
[Black "Xu, Jeffrey"]
[WhiteFideId "4166299"]
[BlackFideId "2617110"]
[WhiteElo "2262"]
[BlackElo "2047"]
[Result "1-0"]
[Round "05"]
[TimeControl "180+1"]
[Date "2022.08.18"]
[WhiteClock "0:00:00"]
[BlackClock "0:00:00"]

1. Nf3 a6 2. g3 b5 3. Bg2 Bb7 4. O-O Nf6 5. a4 b4 6. d4 h5 7. h4 d6 8. c4 Qc8 9. d5 Qg4 10. Bf4 Nbd7 11. Nbd2 a5 12. e4 Nc5 13. e5 Nfd7 14. e6 fxe6 15. dxe6 Nxe6 16. Be3 Nec5 17. Qc2 O-O-O 18. Ng5 Bxg2 19. Kxg2 Ne5 20. f4 Nc6 21. Ndf3 Rh6 22. Nf7 Rg6 23. N3g5 Rd7 24. Qxg6 Qe2+ 25. Bf2 Qxb2 26. Rab1 Qf6 27. Qxf6 exf6 28. Bxc5 dxc5 29. Rfe1 fxg5 30. Re8+ Nd8 31. Rxf8 Rxf7 32. Rg8 gxf4 33. Rd1 Rd7 34. Rxd7 Kxd7 35. Rxg7+ Kd6 36. gxf4 b3 37. Rg3 Ne6 38. Rxb3 Nxf4+ 39. Kf3 Ng6 40. Kg3 Ne5 41. Rc3 Ke6 42. Kf4 Ng6+ 43. Kg5 Ne5 44. Kxh5 Kf5 45. Rc1 Ke4 46. Kg5 Kd4 47. h5 Nf3+ 48. Kg6 Ne5+ 49. Kg7 Nxc4 50. Rxc4+ Kxc4 51. h6 Kb3 52. h7 Kxa4 53. h8=Q Kb3 54. Qh3+ Kb4 55. Qg4+ c4 56. Qd4 Kb3 57. Qc5 a4 58. Qb5+ Kc2 59. Qxa4+ Kd3 60. Qb5 Kd4 61. Qb4 Kd3 62. Qb5 Kd4 63. Kf6 c3 64. Kf5 c2 65. Qc6 Kd3 66. Qe4+ Kd2 67. Qd4+ Kc1 68. Qe3+ Kb1 69. Qd3 Ka1 70. Qxc2 c5 71. Qxc5 Kb1 72. Ke4 Kb2 73. Kd3 Kb3 74. Qc4+ Ka3 75. Qb5 1-0


[Site "https://www.chess.com"]

[Event "Titled Tuesday Blitz August 16 Late 2022"]
[White "Amburgy, Ryan"]
[Black "Filgueira, Hernan"]
[WhiteFideId "30924820"]
[BlackFideId "101770"]
[WhiteElo "2066"]
[BlackElo "2363"]
[Result "1/2-1/2"]
[Round "05"]
[TimeControl "180+1"]
[Date "2022.08.18"]
[WhiteClock "0:00:00"]
[BlackClock "0:00:00"]

1. d4 d6 2. e4 Nf6 3. Nc3 c6 4. Be3 b5 5. a3 Nbd7 6. h3 e5 7. Nf3 Be7 8. Be2 a6 9. O-O O-O 10. Qd2 Bb7 11. Rfd1 Re8 12. dxe5 dxe5 13. Bg5 Qc7 14. Nh4 g6 15. Nf3 Nc5 16. Qe3 Ne6 17. Bxf6 Bxf6 18. Nh2 Nd4 19. Bd3 Qe7 20. Ne2 Rad8 21. Nxd4 exd4 22. Qg3 c5 23. Re1 c4 24. Bf1 Bh4 25. Qg4 h5 26. Qf4 Bg5 27. Qg3 Bh4 28. Qf4 Bg5 29. Qg3 Bh4 30. Qf4 1/2-1/2


[Site "https://www.chess.com"]

[Event "Titled Tuesday Blitz August 16 Late 2022"]
[White "Arnold, Ken"]
[Black "Ozates, Tuna"]
[WhiteFideId "2056836"]
[BlackFideId "6354521"]
[WhiteElo "2391"]
[BlackElo "1887"]
[Result "1/2-1/2"]
[Round "05"]
[TimeControl "180+1"]
[Date "2022.08.18"]
[WhiteClock "0:00:00"]
[BlackClock "0:00:00"]

1. d4 d5 2. c4 c6 3. cxd5 cxd5 4. Nc3 Nf6 5. Nf3 Nc6 6. Bf4 Bf5 7. e3 e6 8. Bb5 Bd6 9. Qa4 O-O 10. O-O Bxf4 11. exf4 Qb6 12. Rad1 a6 13. Bxc6 bxc6 14. Rd2 h6 15. Ne5 c5 16. dxc5 Qxc5 17. Rfd1 Rfb8 18. h3 Rb4 19. Qc6 Rc8 20. Qxc5 Rxc5 21. g3 Ne4 22. Nxe4 Bxe4 23. b3 a5 24. Nd3 Bxd3 25. Rxd3 a4 26. bxa4 Rxa4 27. R1d2 Rca5 28. f5 Rxa2 29. fxe6 fxe6 30. f4 Kf7 31. Kf2 g5 32. Kf3 gxf4 33. gxf4 Kf6 34. Rxa2 Rxa2 35. Rb3 Kf5 36. Re3 Rc2 37. Re5+ Kf6 38. Rh5 Kg6 39. Re5 Rc6 40. f5+ exf5 41. Rxd5 Rc3+ 42. Kg2 Kg5 43. Rd4 Re3 44. Ra4 Re4 45. Ra8 Kf4 46. Rh8 Re2+ 47. Kf1 Kf3 48. Rxh6 Rb2 49. Ke1 f4 50. Rf6 Rh2 51. Rh6 Rh1+ 52. Kd2 Kf2 53. h4 f3 54. h5 Kf1 55. Ke3 f2 56. Rf6 Rh3+ 57. Kd2 Kg2 58. Ke2 Rxh5 59. Rxf2+ Kg3 60. Rf3+ Kg4 61. Rf2 Re5+ 62. Kf1 Kg3 63. Rg2+ Kh3 64. Ra2 Rb5 65. Ra3+ Kg4 66. Kg2 Rb2+ 67. Kg1 Rc2 68. Kf1 Kf4 69. Kg1 Ke4 70. Kf1 Kd4 71. Ke1 Kc4 72. Kd1 Rh2 73. Rg3 Kd4 74. Ke1 Ke4 75. Kf1 Kf4 76. Ra3 Rc2 77. Ke1 Rc4 78. Kd1 Re4 79. Kd2 Rd4+ 80. Ke2 Rc4 81. Kf2 Rc2+ 82. Ke1 Ke4 83. Kd1 Rc8 84. Ke1 Rd8 85. Rh3 Rd3 86. Rxd3 Kxd3 1/2-1/2


[Site "https://www.chess.com"]

[Event "Titled Tuesday Blitz August 16 Late 2022"]
[White "Averjanov, Alexey"]
[Black "D`Arruda, Ricardo D."]
[WhiteFideId "14109867"]
[BlackFideId "100692"]
[WhiteElo "2399"]
[BlackElo "2271"]
[Result "1/2-1/2"]
[Round "05"]
[TimeControl "180+1"]
[Date "2022.08.18"]
[WhiteClock "0:00:00"]
[BlackClock "0:00:00"]

1. d4 Nf6 2. c4 e5 3. dxe5 Ne4 4. a3 Nc6 5. Nf3 d6 6. Nbd2 Nxd2 7. Qxd2 dxe5 8. Qxd8+ Kxd8 9. Bg5+ f6 10. O-O-O+ Ke8 11. Be3 Be6 12. Nd2 Na5 13. c5 Bb3 14. Nxb3 Nxb3+ 15. Kc2 Nxc5 16. g3 c6 17. Bh3 a5 18. Bxc5 Bxc5 19. Rd7 Rb8 20. Rxg7 Be7 21. Rd1 Kf8 22. Rg4 Rd8 23. Rxd8+ Bxd8 24. Rc4 Bb6 25. e3 Ke7 26. Rc3 Bc7 27. Rd3 Rd8 28. Bf5 Rxd3 29. Kxd3 h6 30. Ke4 b5 31. b3 a4 32. bxa4 bxa4 33. Kf3 Bd6 34. Bc2 Bxa3 35. Bxa4 Bb4 36. Bxc6 f5 37. Bd5 Kf6 38. Bb3 Be1 39. Ke2 Bc3 40. h3 Bb4 41. g4 fxg4 42. hxg4 e4 43. Ba4 Ke5 44. Bc6 Bc5 45. Bb7 Bb6 46. Ba8 Ba7 47. Bc6 Bb6 48. Kf1 Bc5 49. Kg2 Bb4 50. Kg3 Be1 51. Bb7 Bd2 52. Ba8 Be1 53. Bc6 Bd2 54. Bb7 Be1 55. Kg2 Bd2 56. Kf1 Bc3 57. Ke2 Bb4 58. Kd1 Bc3 59. Ba8 Bb4 60. Bc6 Ba5 61. Bd7 Bb4 62. Bf5 Ba5 63. Ke2 Bb4 64. Kf1 Bc3 65. Kg2 Be1 66. Kf1 Bd2 67. Bh7 Ba5 68. Ke2 Bb4 69. Kd1 Ba5 70. Bg6 Bb4 71. Bh5 Ba5 72. Ke2 Bb4 73. Kf1 Bc3 74. Kg2 Be1 75. Kg3 Bd2 76. Bg6 Be1 77. Bf7 Bd2 78. Ba2 Be1 79. Bb1 Bd2 80. f3 exf3 81. Kxf3 Bc1 82. Bf5 Bd2 83. Ke2 Bc1 84. Kd3 Bb2 85. e4 Ba3 86. Kc4 Be7 87. Kb5 Bg5 88. Kc6 Bf4 89. Kd7 Bg5 90. Ke8 Bf4 91. Kf7 Bg5 92. Kg6 Bf4 93. Kh5 Bg5 94. Kg6 Bf4 95. g5 Bxg5 96. Kh5 Bf4 97. Kg4 Bg5 98. Kf3 Bc1 99. Bg6 Bg5 100. Bf7 Bc1 101. Be8 Bg5 102. Bh5 Bc1 103. Bg4 Bg5 104. Bf5 Bc1 105. Bg6 Bg5 106. Ke2 Bc1 107. Kd1 Bg5 108. Kc2 Kf6 109. Bh5 Ke5 110. Bg6 Kd4 111. Kd1 Bf6 112. Ke2 Be5 113. Kf3 h5 114. Bxh5 Kd3 115. Bg6 Kd4 116. Bf5 Bf6 117. Ke2 Bg7 118. Kd1 Bh8 119. Kc2 Bg7 120. Kb3 Bh8 121. Ka4 Bg7 122. Kb5 Be5 123. Kc6 Bf4 124. Kd7 Be5 125. Ke6 Bf4 126. Kf7 Be5 127. Kg6 Bf4 128. Kh5 Be5 129. Kg4 Bd6 130. Kf3 Be5 131. Bg6 Bd6 132. Bh7 Be5 133. Kg4 Bd6 134. Kf5 Be5 135. Ke6 Bf4 136. Kd7 Be5 137. Kc6 Bf4 138. Bg6 Be5 139. Bf5 Bf4 140. Kd7 Be5 141. Ke7 Bf4 142. e5 Bxe5 1/2-1/2


[Site "https://www.chess.com"]

[Event "Titled Tuesday Blitz August 16 Late 2022"]
[White "Avila Pavas, Santiago"]
[Black "Prydun, Andriy"]
[WhiteFideId "4437128"]
[BlackFideId "14145898"]
[WhiteElo "2291"]
[BlackElo "2163"]
[Result "1-0"]
[Round "05"]
[TimeControl "180+1"]
[Date "2022.08.16"]
[WhiteClock "0:00:10"]
[BlackClock "0:00:01"]

1. b3 Nf6 2. Bb2 g6 3. Nf3 Bg7 4. e3 b6 5. Be2 Bb7 6. O-O O-O 7. c4 c5 8. Nc3 Nc6 9. Rc1 e6 10. d4 cxd4 11. Nxd4 Nxd4 12. Qxd4 Ne4 13. Qd3 Nc5 14. Qd2 Qg5 15. f3 Bh6 16. Nd1 Rfe8 17. b4 Na4 18. Ba1 d5 19. Qc2 b5 20. cxb5 Nb6 21. Qc3 e5 22. f4 Qh4 23. fxe5 Rac8 24. Qd2 Rxc1 25. Qxc1 d4 26. Qc7 Bd5 27. Bxd4 Bg7 28. Qxa7 Nc4 29. b6 Nxe5 30. b7 Ng4 31. b8=Q 1-0


[Site "https://www.chess.com"]

[Event "Titled Tuesday Blitz August 16 Late 2022"]
[White "Babazada, Khazar"]
[Black "Melikyan, Gnel"]
[WhiteFideId "13413554"]
[BlackFideId "54109990"]
[WhiteElo "2409"]
[BlackElo "1772"]
[Result "0-1"]
[Round "05"]
[TimeControl "180+1"]
[Date "2022.08.16"]
[WhiteClock "0:00:09"]
[BlackClock "0:00:18"]

1. Nf3 Nf6 2. g3 g6 3. Bg2 Bg7 4. O-O O-O 5. d3 d6 6. Nc3 c5 7. e4 Nc6 8. a4 a6 9. Nd2 Rb8 10. f4 b5 11. e5 Ng4 12. Bxc6 Ne3 13. Qe2 Nxc2 14. Bg2 Nxa1 15. Nde4 Nb3 16. Be3 Nd4 17. Qd1 Bb7 18. g4 b4 19. Nb1 dxe5 20. f5 Rc8 21. Nbd2 Bd5 22. Kh1 Qa5 23. Nc4 Bxc4 24. dxc4 Rcd8 25. Qb1 Qxa4 26. Bg5 Rfe8 27. f6 exf6 28. Nxf6+ Bxf6 29. Bxf6 Rd6 30. Qe4 Qc6 31. Qe3 Qb6 32. g5 Nf5 33. Qh3 Rxf6 34. gxf6 Qxf6 35. Be4 Rd8 36. Qg2 Kf8 37. Qf3 Rd4 38. Bxf5 gxf5 39. Qa8+ Qd8 40. Qxa6 f4 41. Qh6+ Ke8 42. Qxh7 Qd6 43. Qg8+ Ke7 44. Qg5+ Qf6 45. Qg4 Qc6+ 46. Kg1 Rxc4 47. Re1 Re4 48. Rd1 Qg6 49. Qxg6 fxg6 50. Kf2 Rd4 51. Rc1 Rd2+ 52. Kf3 Rxb2 53. Rxc5 Ke6 54. Rc2 Rxc2 0-1


[Site "https://www.chess.com"]

[Event "Titled Tuesday Blitz August 16 Late 2022"]
[White "Baches Garcia, Guillermo"]
[Black "Ibarra Jerez, Jose Carlos"]
[WhiteFideId "2209764"]
[BlackFideId "2226332"]
[WhiteElo "2549"]
[BlackElo "2628"]
[Result "0-1"]
[Round "05"]
[TimeControl "180+1"]
[Date "2022.08.16"]
[WhiteClock "0:00:03"]
[BlackClock "0:00:22"]

1. e4 c5 2. Nf3 e6 3. c4 Nc6 4. d4 cxd4 5. Nxd4 Nf6 6. Nc3 Bb4 7. Nxc6 bxc6 8. Bd3 e5 9. O-O Bc5 10. h3 d6 11. Re1 O-O 12. Be3 Bxe3 13. Rxe3 Rb8 14. Qd2 Nh5 15. Bf1 Qf6 16. Rd1 Be6 17. b3 Rbd8 18. Rd3 Nf4 19. Rxd6 Rc8 20. Kh2 h5 21. Ne2 Ng6 22. Ng3 Nf4 23. Ne2 Ng6 24. Ng3 Qh4 25. Qe3 Nf4 26. Nf5 Qf6 27. g3 Ng6 28. h4 a5 29. Qg5 Qxg5 30. hxg5 Rc7 31. Be2 Bxf5 32. exf5 Ne7 33. f6 Nf5 34. Rd7 Rxd7 35. Rxd7 h4 36. Bg4 Nd4 37. g6 hxg3+ 38. Kxg3 gxf6 39. gxf7+ Rxf7 40. Rxd4 exd4 41. Be6 c5 42. Kf4 Kf8 43. Bxf7 Kxf7 44. Ke4 Ke6 45. a3 f5+ 46. Kf4 Kf6 47. f3 Ke6 0-1


[Site "https://www.chess.com"]

[Event "Titled Tuesday Blitz August 16 Late 2022"]
[White "Barash, Anton"]
[Black "Liu, Casper"]
[WhiteFideId "30935229"]
[BlackFideId "1454153"]
[WhiteElo "2088"]
[BlackElo "2025"]
[Result "1-0"]
[Round "05"]
[TimeControl "180+1"]
[Date "2022.08.18"]
[WhiteClock "0:00:00"]
[BlackClock "0:00:00"]

1. e4 Nc6 2. Nc3 Nf6 3. d4 e5 4. dxe5 Nxe5 5. f4 Ng6 6. Nf3 Bc5 7. Bc4 O-O 8. Qe2 Re8 9. Ng5 Re7 10. Be3 Bxe3 11. Qxe3 h6 12. Nxf7 Rxf7 13. O-O-O Qf8 14. h3 d6 15. g4 Kh7 16. Bxf7 Qxf7 17. g5 Nh5 18. f5 hxg5 19. fxg6+ Qxg6 20. Rdg1 Bd7 21. Rxg5 Qh6 22. Rhg1 Rf8 23. Qd4 b5 24. Kb1 Be6 25. Rxh5 Qxh5 26. Qxg7# 1-0


[Site "https://www.chess.com"]

[Event "Titled Tuesday Blitz August 16 Late 2022"]
[White "Barria Zuniga, Daniel"]
[Black "Ozalp, Burak"]
[WhiteFideId "3400816"]
[BlackFideId "6314210"]
[WhiteElo "2414"]
[BlackElo "1854"]
[Result "0-1"]
[Round "05"]
[TimeControl "180+1"]
[Date "2022.08.18"]
[WhiteClock "0:00:00"]
[BlackClock "0:00:00"]

1. d4 g6 2. e4 Bg7 3. Nc3 d6 4. Be3 a6 5. g4 b5 6. Bg2 Bb7 7. h4 Nd7 8. h5 c5 9. h6 Bf8 10. g5 Qc7 11. f4 e6 12. d5 b4 13. Nce2 exd5 14. exd5 O-O-O 15. c4 Re8 16. Kf2 f6 17. Nf3 fxg5 18. fxg5 Ne7 19. Bh3 Kb8 20. Nf4 Nf5 21. Bxf5 gxf5 22. Qc2 Ne5 23. Nxe5 dxe5 24. Ne6 Rxe6 25. dxe6 Qc6 26. Qxf5 Qg2+ 27. Ke1 Qxh1+ 28. Kd2 Qg2+ 29. Bf2 Bd6 30. Rg1 Qe4 31. Qxe4 Bxe4 32. Ke3 Bg6 33. Rd1 Kc7 34. Rd5 Re8 35. Ke2 Kc6 36. Bxc5 Bxc5 37. Rxe5 0-1


[Site "https://www.chess.com"]

[Event "Titled Tuesday Blitz August 16 Late 2022"]
[White "Bayo Milagro, Alvaro"]
[Black "Gheorghiu, Calin"]
[WhiteFideId "22275240"]
[BlackFideId "1200305"]
[WhiteElo "2270"]
[BlackElo "2168"]
[Result "0-1"]
[Round "05"]
[TimeControl "180+1"]
[Date "2022.08.18"]
[WhiteClock "0:00:00"]
[BlackClock "0:00:00"]

1. d4 Nf6 2. Nf3 d5 3. c4 e6 4. g3 Bb4+ 5. Nbd2 dxc4 6. Bg2 b5 7. O-O O-O 8. a3 Be7 9. b3 cxb3 10. Nxb3 Bb7 11. Qc2 Be4 12. Qb2 c6 13. Bd2 Nbd7 14. Rac1 Nb6 15. Ne5 Bxg2 16. Kxg2 Qd5+ 17. f3 Nc4 18. Nxc4 bxc4 19. Na5 Rab8 20. Qc3 c5 21. dxc5 Bxc5 22. Nxc4 Rfd8 23. Bf4 Rbc8 24. Rfd1 Qh5 25. Nd6 Bxd6 26. Qxc8 Rxc8 27. Rxc8+ Bf8 28. Rdd8 h6 29. Rxf8+ Kh7 30. Rc7 e5 31. Be3 Nd5 32. Rfxf7 Nxe3+ 33. Kf2 Nd5 34. Rxg7+ Kh8 35. Rxa7 Qxh2+ 36. Ke1 Qg1+ 37. Kd2 Qd4+ 38. Ke1 Qg1+ 39. Kd2 Qe3+ 40. Kc2 Qc3+ 41. Kb1 Qb3+ 42. Kc1 Qc3+ 43. Kb1 Ne3 44. Rgc7 Qb3+ 45. Kc1 Qd1+ 46. Kb2 Qxe2+ 47. Kb3 Qd3+ 48. Kb4 Nd5+ 49. Kc5 Nxc7 0-1


[Site "https://www.chess.com"]

[Event "Titled Tuesday Blitz August 16 Late 2022"]
[White "Begmuratov, Khumoyun"]
[Black "Altman, Joshua"]
[WhiteFideId "14210207"]
[BlackFideId "426210"]
[WhiteElo "1978"]
[BlackElo "1945"]
[Result "1-0"]
[Round "05"]
[TimeControl "180+1"]
[Date "2022.08.18"]
[WhiteClock "0:00:00"]
[BlackClock "0:00:00"]

1. e4 e6 2. d4 d5 3. Nc3 Nf6 4. Bg5 dxe4 5. Nxe4 Nbd7 6. Nf3 Be7 7. Nxf6+ Nxf6 8. c3 b6 9. Bd3 Bb7 10. Qe2 O-O 11. O-O-O c5 12. dxc5 Qc7 13. Bxf6 Bxf6 14. Kb1 Qxc5 15. Rd2 b5 16. Be4 Bxe4+ 17. Qxe4 Rab8 18. Rhd1 g6 19. Qe3 Qxe3 20. fxe3 b4 21. c4 Rfc8 22. b3 Bc3 23. Rd7 a5 24. Ng5 Rf8 25. c5 a4 26. c6 axb3 27. axb3 Rbc8 28. c7 Be5 29. Nxf7 Bxc7 30. Nh6+ Kh8 31. Rc1 Bxh2 32. Rh1 Rc3 33. Nf7+ Kg8 34. Nh6+ Kh8 35. Ng4 Rxb3+ 36. Kc2 Rc3+ 37. Kd2 Ra8 38. Rxh2 Ra2+ 39. Kd1 Ra1+ 40. Ke2 Rc2+ 41. Kf3 Rf1+ 42. Kg3 h5 43. Ne5 Re2 44. Nxg6+ Kg8 45. Rxh5 Rxe3+ 46. Kg4 Re4+ 47. Kg5 Rf5+ 48. Kh6 Rxh5+ 49. Kxh5 b3 50. Kh6 Rh4+ 51. Nxh4 b2 52. Ng6 b1=Q 53. Rg7# 1-0


[Site "https://www.chess.com"]

[Event "Titled Tuesday Blitz August 16 Late 2022"]
[White "Bodnar, Nikolay"]
[Black "Korchmar, Vasiliy"]
[WhiteFideId "14106469"]
[BlackFideId "24131750"]
[WhiteElo "2283"]
[BlackElo "2370"]
[Result "1-0"]
[Round "05"]
[TimeControl "180+1"]
[Date "2022.08.18"]
[WhiteClock "0:00:00"]
[BlackClock "0:00:00"]

1. c4 c6 2. g3 d5 3. Bg2 Nf6 4. Nf3 Bf5 5. O-O e6 6. b3 Nbd7 7. Bb2 Be7 8. d3 h6 9. Nbd2 O-O 10. Qc2 Bh7 11. a3 a5 12. Rfe1 Qb6 13. Rad1 Rfd8 14. Qc1 Nc5 15. Bd4 Nfd7 16. Qc3 Bf6 17. Bxf6 Nxf6 18. b4 axb4 19. axb4 Ncd7 20. c5 Qc7 21. Ra1 e5 22. Rxa8 Rxa8 23. Ra1 Re8 24. Bh3 d4 25. Qb2 Nd5 26. Nc4 Nc3 27. Nd6 Rf8 28. Ra7 Rb8 29. Kf1 Bg6 30. Qb3 Kh7 31. e4 Bh5 32. Bf5+ Kg8 33. g4 Bxg4 34. Bxg4 Nf6 35. Bf5 Qe7 36. Bg6 1-0


[Site "https://www.chess.com"]

[Event "Titled Tuesday Blitz August 16 Late 2022"]
[White "Boros, Denes"]
[Black "Paravyan, David"]
[WhiteFideId "722340"]
[BlackFideId "4194985"]
[WhiteElo "2464"]
[BlackElo "2569"]
[Result "0-1"]
[Round "05"]
[TimeControl "180+1"]
[Date "2022.08.16"]
[WhiteClock "0:00:43"]
[BlackClock "0:01:39"]

1. e4 e5 2. Nf3 Nf6 3. Nc3 Nc6 4. g3 d5 5. exd5 Nxd5 6. Bg2 Nxc3 7. bxc3 Bc5 8. Rb1 O-O 9. O-O e4 10. Ne1 Re8 11. d4 exd3 12. cxd3 Bb6 13. d4 Bf5 14. Rb5 Be4 15. Bxe4 Rxe4 16. Qf3 Re8 17. Be3 Qd7 18. Rd5 Qe6 19. Ng2 Qe4 20. Qxe4 Rxe4 21. Nf4 Na5 22. Nd3 Nc4 23. Nc5 Rxe3 24. fxe3 Nxe3 25. Rd7 Nxf1 26. Kxf1 Bxc5 27. dxc5 Rc8 28. Kf2 Kf8 29. Kf3 Ke8 30. Rd4 c6 31. Ra4 a6 32. Rb4 Rc7 33. Re4+ Re7 34. Rd4 h5 35. h4 Re5 36. Rb4 Rxc5 37. c4 b5 38. cxb5 cxb5 39. Rb2 Rc4 40. Re2+ Kf8 41. Re5 g6 42. Re2 Ra4 43. Rd2 Ke7 44. Rc2 Kd6 45. Kg2 Ra3 46. Kh3 b4 47. Rf2 Ke6 48. Re2+ Kf6 49. Rf2+ Kg7 50. Rf4 a5 51. Rf2 Kf8 52. Re2 f6 53. Rd2 Ke7 54. Re2+ Kd6 55. Rf2 Ke5 56. Rd2 Ke4 57. Rf2 f5 58. Re2+ Kd3 59. Rf2 Kc4 60. Rc2+ Rc3 61. Rf2 Kb5 62. Rd2 Rc6 63. Rd5+ Ka4 64. Re5 Rc3 65. Re6 f4 66. Kh2 Rxg3 67. Re5 Rg4 68. Kh3 f3 69. Re1 f2 70. Rf1 Rf4 0-1


[Site "https://www.chess.com"]

[Event "Titled Tuesday Blitz August 16 Late 2022"]
[White "Bortnyk, Olexandr"]
[Black "Zivkovic, Nemanja"]
[WhiteFideId "14120828"]
[BlackFideId "942154"]
[WhiteElo "2723"]
[BlackElo "2372"]
[Result "1-0"]
[Round "05"]
[TimeControl "180+1"]
[Date "2022.08.16"]
[WhiteClock "0:00:07"]
[BlackClock "0:00:02"]

1. d4 Nf6 2. Nc3 d6 3. e4 e5 4. Nf3 Nbd7 5. Bc4 Be7 6. a4 c6 7. O-O O-O 8. a5 Rb8 9. h3 b5 10. axb6 axb6 11. Re1 b5 12. Bd3 Bb7 13. Ne2 g6 14. Ng3 Re8 15. c3 Bf8 16. Bg5 Qc7 17. Qd2 Bg7 18. Bh6 Bh8 19. Qg5 Nf8 20. dxe5 dxe5 21. Bc2 c5 22. Red1 c4 23. Rd2 Ne6 24. Qh4 Bg7 25. Rad1 Rbd8 26. Rxd8 Rxd8 27. Rxd8+ Nxd8 28. Bxg7 Kxg7 29. Nf5+ gxf5 30. Qg5+ Kf8 31. Qxf6 Bxe4 32. Bxe4 fxe4 33. Nxe5 Ne6 34. g3 Ke8 35. Qh8+ Ke7 36. Ng4 Qc5 37. Qxh7 Qd5 38. Qh6 Ng5 39. Qf6+ Ke8 40. Qh8+ Ke7 41. Qf6+ Ke8 42. Ne3 Qc5 43. Nf5 Nxh3+ 44. Kg2 Qxf2+ 45. Kxh3 Qf1+ 46. Kh4 Qh1+ 47. Kg5 e3 48. Qe7# 1-0


[Site "https://www.chess.com"]

[Event "Titled Tuesday Blitz August 16 Late 2022"]
[White "Boruchovsky, Avital"]
[Black "Isajevsky, Anton"]
[WhiteFideId "2800055"]
[BlackFideId "4142500"]
[WhiteElo "2466"]
[BlackElo "2510"]
[Result "0-1"]
[Round "05"]
[TimeControl "180+1"]
[Date "2022.08.16"]
[WhiteClock "0:00:03"]
[BlackClock "0:00:11"]

1. d4 d5 2. c4 e6 3. Nc3 Be7 4. cxd5 exd5 5. Bf4 c6 6. e3 Bd6 7. Bg3 Ne7 8. Bd3 Bf5 9. Nf3 O-O 10. O-O Bxg3 11. hxg3 Nd7 12. b4 a6 13. a4 Nb6 14. Ne5 f6 15. Bxf5 Nxf5 16. Nd3 Nc4 17. Nc5 Qe7 18. b5 axb5 19. axb5 Ncxe3 20. fxe3 Qxe3+ 21. Kh2 Qxg3+ 22. Kh1 Qxc3 23. Rc1 Ng3+ 24. Kg1 Qe3+ 25. Rf2 Ra2 26. Rc2 Rfa8 27. Kh2 Ra1 28. Rf3 Qh6+ 29. Kxg3 Rxd1 0-1


[Site "https://www.chess.com"]

[Event "Titled Tuesday Blitz August 16 Late 2022"]
[White "Bringas Gomez, Artai"]
[Black "Solon, Nathan"]
[WhiteFideId "24534064"]
[BlackFideId "2017229"]
[WhiteElo "2039"]
[BlackElo "2306"]
[Result "1/2-1/2"]
[Round "05"]
[TimeControl "180+1"]
[Date "2022.08.18"]
[WhiteClock "0:00:00"]
[BlackClock "0:00:00"]

1. e4 c6 2. Nf3 d5 3. d3 dxe4 4. dxe4 Qxd1+ 5. Kxd1 Nf6 6. Nbd2 g6 7. a4 Bh6 8. Bd3 O-O 9. Ne1 Nbd7 10. f3 Nc5 11. Bc4 Rd8 12. Nd3 Nxd3 13. Bxd3 Be6 14. Ke2 Nd7 15. c3 Nc5 16. Bc2 Bxd2 17. Bxd2 Bc4+ 18. Ke3 Bb3 19. Rhc1 Bxc2 20. Rxc2 Rd3+ 21. Ke2 Rad8 22. Be3 Nb3 23. Ra3 Na5 24. Bd4 R3xd4 25. cxd4 Rxd4 26. Rd3 Rxa4 27. Ra3 Rxa3 28. bxa3 Kf8 29. Kd3 b6 30. h4 e5 31. g3 Ke7 32. f4 Ke6 33. h5 Nb3 34. Rh2 Nc5+ 35. Ke3 a5 36. Rb2 b5 37. Rc2 exf4+ 38. gxf4 Kd6 39. Rd2+ Kc7 40. Rh2 Kd6 41. hxg6 hxg6 42. Rh7 Ke6 43. Rh8 b4 44. axb4 axb4 45. Rb8 b3 46. Kd4 Kd6 47. e5+ Kc7 48. Rb4 Ne6+ 49. Ke4 c5 50. Rxb3 Kc6 51. Rb1 c4 52. Rc1 Kc5 53. f5 gxf5+ 54. Kxf5 Kd4 55. Rd1+ Ke3 56. Kf6 c3 57. Kxf7 Nc5 58. Rd5 Nd3 59. e6 c2 60. e7 c1=Q 61. e8=Q+ Kd2 62. Qd7 Qf1+ 63. Ke8 Qf3 64. Kd8 Ke2 65. Qe6+ Kd2 66. Qd6 Ke2 67. Qe6+ Kd2 68. Qh6+ Ke2 69. Qh2+ Ke3 70. Qg1+ Ke2 71. Qh2+ Ke3 72. Qh6+ Ke2 73. Qe6+ 1/2-1/2


[Site "https://www.chess.com"]

[Event "Titled Tuesday Blitz August 16 Late 2022"]
[White "Buchenau, Frank"]
[Black "Espinosa Veloz, Ermes"]
[WhiteFideId "4604350"]
[BlackFideId "3507424"]
[WhiteElo "2157"]
[BlackElo "2333"]
[Result "1-0"]
[Round "05"]
[TimeControl "180+1"]
[Date "2022.08.18"]
[WhiteClock "0:00:00"]
[BlackClock "0:00:00"]

1. e4 e6 2. Nf3 d5 3. Nc3 Nf6 4. e5 Nfd7 5. d4 c5 6. dxc5 Nc6 7. Bf4 Bxc5 8. Bd3 a6 9. O-O b5 10. Bg3 Bb7 11. Re1 Ba7 12. Ne2 Nc5 13. Ned4 Nxd4 14. Nxd4 Ne4 15. c3 O-O 16. Qg4 b4 17. Bh4 h5 18. Qxh5 Qc7 19. Bxe4 dxe4 20. Bf6 Rfd8 21. Qg5 Kf8 22. Qxg7+ Ke8 23. Nxe6 Qc6 24. Qf8+ Kd7 25. Qe7+ 1-0


[Site "https://www.chess.com"]